 Dungeon Crawl Stone Soup version 0.20.1-1-g8b1a95d (webtiles) character file.

819 yevrey the Magician (level 7, -4/53 HPs)
             Began as a White Draconian Venom Mage on Oct 25, 2017.
             Was an Initiate of Vehumet.
             Slain by a bullfrog (6 damage)
             ... on level 5 of the Dungeon.
             The game lasted 00:29:55 (5897 turns).

yevrey the Magician (White Draconian Venom Mage)    Turns: 5897, Time: 00:29:55

Health: -4/53      AC:  7    Str: 14    XL:     7   Next: 63%
Magic:  8/14       EV: 12    Int: 17    God:    Vehumet [......]
Gold:   243        SH:  3    Dex: 11    Spells: 1/16 levels left

rFire    . . .     SeeInvis .   p - +6 flail of the Dead {venom, rPois}
rCold    + . .     Gourm    .   (no shield)
rNeg     . . .     Faith    .   (armour unavailable)
rPois    +         Spirit   .   (helmet restricted)
rElec    .         Reflect  +   (no cloak)
rCorr    .         Harm     .   (no gloves)
MR       .....                  g - +0 pair of boots
Stlth    ++........             c - +3 amulet of reflection
Regen    0.2/turn               m - +3 ring of strength
MPRegen  0.2/turn               (no ring)

@: very slightly contaminated
A: breathe frost, unfitting armour, cold resistance 1, cold-blooded, AC +6
a: Breathe Frost, Renounce Religion


You were on level 5 of the Dungeon.
You worshipped Vehumet.
Vehumet was noncommittal.
You were not hungry.

You visited 2 branches of the dungeon, and saw 7 of its levels.

You collected 243 gold pieces.

Inventory:

Hand Weapons
 p - the +6 flail of the Dead (weapon) {venom, rPois}
   (You found it on level 5 of the Dungeon)

   It poisons the flesh of those it strikes.
   It protects you from poison.
Missiles
 h - 9 tomahawks (quivered)
 q - 10 needles of frenzy
Armour
 g - a +0 pair of boots (worn)
 o - +0 fire dragon scales
Jewellery
 c - a +3 amulet of reflection (around neck)
 m - a +3 ring of strength (left hand)
 v - an uncursed ring of poison resistance
Wands
 r - a wand of disintegration (0/24)
 z - a wand of acid (6/15)
Scrolls
 e - 2 scrolls of identify
 j - 3 scrolls of teleportation {unknown}
 l - a scroll of fog {unknown}
 n - a scroll of immolation {unknown}
 s - a scroll of amnesia {unknown}
 w - 2 scrolls of fear {unknown}
 x - a scroll of magic mapping {unknown}
 y - a scroll of noise {unknown}
Potions
 f - a potion of cancellation {unknown}
 k - a potion of magic {unknown}
 t - a potion of might {unknown}
 u - a potion of curing {unknown}
 A - a potion of resistance {unknown}
Books
 a - a Young Poisoner's Handbook

   Spells                             Type                      Level
   a - Sting                          Conjuration/Poison           1
   b - Poisonous Vapours              Poison/Air                   2
   c - Mephitic Cloud                 Conjuration/Poison/Air       3
   d - Olgreb's Toxic Radiance        Poison                       4
   e - Venom Bolt                     Conjuration/Poison           5
Comestibles
 b - 3 bread rations
 d - 2 royal jellies
 i - a meat ration


   Skills:
 + Level 1.6 Fighting
 + Level 1.3 Maces & Flails
 - Level 2.0 Dodging
 - Level 2.0 Stealth
 + Level 2.8 Unarmed Combat
 + Level 5.2 Spellcasting
 + Level 2.7 Conjurations
 + Level 2.8 Air Magic
 - Level 4.1 Poison Magic
 + Level 1.0 Evocations


You had one spell level left.
You knew the following spells:

 Your Spells              Type           Power        Failure   Level  Hunger
a - Sting                 Conj/Pois      ###.         3%          1    None
b - Poisonous Vapours     Pois/Air       ###...       4%          2    #......
c - Mephitic Cloud        Conj/Pois/Air  ###.....     11%         3    ###....
d - Olgreb's Toxic Radia  Pois           ###.....     26%         4    ####...
e - Venom Bolt            Conj/Pois      ###.......   67%         5    ######.


Dungeon Overview and Level Annotations

Branches:
Dungeon (6/15)             Temple (1/1) D:4

Altars:
Cheibriados
Fedhas
Gozag
Kikubaaqudgha
Nemelex Xobeh
Okawaru
Qazlal
Ru
Vehumet
Xom

Annotations:
D:2 exclusion: oklob plant


Innate Abilities, Weirdness & Mutations

You can breathe waves of freezing cold.
You can buffet flying creatures when you breathe cold.
Your icy white scales are hard. (AC +6)
You cannot fit into any form of body armour.
Your flesh is cold resistant. (rC+)
You are cold-blooded and may be slowed by cold attacks.


Message History

* * * LOW HITPOINT WARNING * * *
You hear an angry hiss.
A bullfrog comes into view.
The leopard gecko bites you but does no damage.
The bullfrog barely misses you. The howler monkey closely misses you.
The gnoll hits you but does no damage.
You climb upwards.
There is a stone staircase leading down here.
Okay, then.
The leopard gecko closely misses you. The bullfrog hits you.
* * * LOW HITPOINT WARNING * * *
The leopard gecko bites you but does no damage.
The bullfrog hits you.
* * * LOW HITPOINT WARNING * * *
The howler monkey hits you but does no damage.
The bullfrog closely misses you.
The howler monkey hoots and howls with incredible vigour!
You hear a shout! x2
The bullfrog hits you.
You die...

.......## #.......##
##<......## ###.......##
####.......##
.####.......### .
..####........## ...
.....##........####.....
...#...#...>.lhF@.......
..####.......####.......
..# ###..#### #....##
.## #..# ...## .# #..#
..# ## ##.. #.# #... ##
#.... ..## .....


You could see a bullfrog, a howler monkey and a leopard gecko.

Vanquished Creatures
  The ghost of talesvin the Skirmisher, an amateur TrFi (D:3)
  A sky beast (D:4)
  A centaur (D:5)
  A water moccasin skeleton (D:5)
  A howler monkey (D:4)
  A crimson imp (D:5)
  A hound (D:6)
  2 orc priests (D:3)
  An orc wizard (D:3)
  Ijyb (D:3)
  2 worker ants
  6 gnolls
  6 adders
  An ooze (D:4)
  3 worms
  A leopard gecko (D:1)
  12 orcs
  17 bats
  5 giant cockroaches
  17 goblins
  7 hobgoblins
  4 jackals (D:2)
  12 kobolds
  4 quokkas
  A ball python (D:1)
  4 frilled lizards
  9 rats
122 creatures vanquished.

Notes
Turn   | Place    | Note
-------+----------+-------------------------------------------
     0 | D:1      | yevrey the Draconian Venom Mage began the quest for the Orb.
     0 | D:1      | Reached XP level 1. HP: 14/14 MP: 3/3
    92 | D:1      | Reached XP level 2. HP: 8/20 MP: 0/5
   103 | D:1      | Learned a level 2 spell: Poisonous Vapours
   817 | D:1      | Reached XP level 3. HP: 26/26 MP: 4/6
   822 | D:1      | Learned a level 3 spell: Mephitic Cloud
  1386 | D:2      | Reached skill level 1 in Unarmed Combat
  1513 | D:3      | Found a stormy altar of Qazlal.
  1535 | D:2      | Reached XP level 4. HP: 33/33 MP: 5/8
  1560 | D:2      | Found a blossoming altar of Fedhas.
  1579 | D:2      | Noticed an oklob plant
  1698 | D:2      | Found an iron altar of Okawaru.
  1975 | D:3      | Noticed Ijyb
  2702 | D:3      | Reached skill level 1 in Air Magic
  2900 | D:3      | Reached skill level 3 in Spellcasting
  2900 | D:3      | Reached XP level 5. HP: 38/39 MP: 1/9
  2906 | D:3      | Learned a level 4 spell: Olgreb's Toxic Radiance
  2911 | D:3      | Noticed talesvin's ghost (amateur TrFi)
  3179 | D:3      | Killed Ijyb
  3179 | D:3      | Reached skill level 1 in Fighting
  3454 | D:3      | Found a sparkling altar of Nemelex Xobeh.
  3798 | D:3      | Reached XP level 6. HP: 47/47 MP: 4/11
  4100 | D:3      | Killed talesvin's ghost
  4100 | D:3      | Reached skill level 4 in Spellcasting
  4151 | D:3      | Found a faded altar of an unknown god.
  4412 | D:5      | Entered Level 5 of the Dungeon
  4483 | D:4      | Noticed a sky beast
  4502 | D:4      | Killed a sky beast
  4603 | D:4      | Your scales start taking on an icy white colour.
  4603 | D:4      | Reached XP level 7. HP: 43/52 MP: 11/14
  4603 | D:4      | Gained mutation: Your flesh is cold resistant. (rC+) [White Draconian growth]
  4626 | D:4      | Learned a level 5 spell: Venom Bolt
  5046 | D:4      | Found a staircase to the Ecumenical Temple.
  5056 | Temple   | Entered the Ecumenical Temple
  5087 | Temple   | Became a worshipper of Vehumet
  5516 | D:5      | Got a jewelled flail
  5517 | D:5      | Identified the +6 flail of the Dead {venom, rPois} (You found it on level 5 of the Dungeon)
  5711 | D:5      | Reached skill level 5 in Spellcasting
  5757 | D:5      | Reached skill level 1 in Evocations
  5888 | D:6      | Reached skill level 1 in Maces & Flails
  5893 | D:5      | HP: 2/53 [bullfrog (5)]
  5897 | D:5      | Slain by a bullfrog

Skill      XL: |  1  2  3  4  5  6  7 |
---------------+----------------------+-----
Dodging        | 2 |  2.0
Stealth        | 2 |  2.0
Unarmed Combat | 1 2 |  2.8
Air Magic      | 1 2 |  2.8
Spellcasting   | 3 4 5 |  5.2
Poison Magic   | 4 |  4.1
Fighting       | 1 |  1.6
Conjurations   | 2 |  2.7
Evocations     | 1 |  1.0
Maces & Flails | 1 |  1.3

Action                   |  1- 3 |  4- 6 |  7- 9 || total
-------------------------+-------+-------+-------++-------
Melee: Unarmed           |    97 |   182 |   117 ||   396
       Tailslap          |     8 |    28 |     9 ||    45
       Flail             |       |       |    17 ||    17
       Punch             |       |       |     2 ||     2
Throw: Tomahawk          |       |     4 |       ||     4
 Cast: Sting             |    50 |     9 |       ||    59
       Poisonous Vapours |     7 |    70 |     2 ||    79
       Mephitic Cloud    |     1 |     6 |       ||     7
       Olgreb's Toxic Ra |       |       |     1 ||     1
 Abil: Breathe Frost     |       |       |     4 ||     4
Evoke: Wand              |       |     6 |       ||     6
  Use: Scroll            |       |     3 |     3 ||     6
 Stab: Confused          |     1 |     7 |       ||     8
       Sleeping          |       |       |     1 ||     1
  Eat: Chunk             |     4 |     8 |     2 ||    14
       Bread ration      |       |     1 |     1 ||     2
       Fruit             |       |     1 |     2 ||     3
Armor: Skin              |    53 |    79 |    47 ||   179
Dodge: Dodged            |    96 |   149 |    74 ||   319
Block: Other             |       |     7 |    11 ||    18
